[Event "Titled Tuesday Blitz March 28 Late 2023"]
[White "Lamard, Guillaume"]
[Black "Bach, Matthias"]
[WhiteFideId "600261"]
[BlackFideId "4603168"]
[WhiteElo "2413"]
[BlackElo "2165"]
[Result "1-0"]
[Round "01"]
[TimeControl "180+2"]
[Date "2023.03.28"]
[WhiteClock "0:01:16"]
[BlackClock "0:01:58"]

1. d4 Nf6 2. Bf4 h6 3. Nf3 g5 4. Bg3 g4 5. Nfd2 h5 6. Bh4 Bg7 7. e4 e6 8. e5 d6 9. exf6 Bxf6 10. Bxf6 Qxf6 11. Ne4 Qg7 12. Nbc3 Nc6 13. d5 Ne5 14. Bb5+ Bd7 15. Bxd7+ Nxd7 16. Qd2 O-O-O 17. O-O-O h4 18. Rhe1 Rh5 19. dxe6 fxe6 20. Qe3 Kb8 21. Nd2 Ne5 22. Nb5 b6 23. Qc3 a6 24. Nd4 Kb7 25. Nxe6 1-0


[Site "https://www.chess.com"]

[Event "Titled Tuesday Blitz March 28 Late 2023"]
[White "Zavortink, Matt"]
[Black "Levine, Joseph"]
[WhiteFideId "2034263"]
[BlackFideId "30940346"]
[WhiteElo "2380"]
[BlackElo "2351"]
[Result "1-0"]
[Round "01"]
[TimeControl "180+2"]
[Date "2023.03.28"]
[WhiteClock "0:00:10"]
[BlackClock "0:00:01"]

1. c4 e6 2. g3 Nf6 3. Bg2 d5 4. Nf3 dxc4 5. Qa4+ Nbd7 6. Qxc4 a6 7. Qc2 c5 8. O-O Be7 9. d4 O-O 10. dxc5 Bxc5 11. Nc3 Qc7 12. Bf4 e5 13. Bg5 h6 14. Bxf6 Nxf6 15. Rac1 Be6 16. Ne4 Nxe4 17. Qxe4 Rac8 18. b4 f5 19. Qb1 Bxf2+ 20. Kxf2 Qb6+ 21. e3 f4 22. gxf4 exf4 23. Qe4 Bxa2 24. Qd4 fxe3+ 25. Qxe3 Qxb4 26. Kg1 Rce8 27. Qd4 Qe7 28. Rfe1 Qd8 29. Qb2 Bd5 30. Nh4 Rxe1+ 31. Rxe1 Qxh4 32. Bxd5+ Kh8 33. Qe2 Qg5+ 34. Bg2 b5 35. Rf1 Rd8 36. Qf2 a5 37. h4 Qg6 38. Qf5 Qb6+ 39. Kh1 b4 40. Be4 Kg8 41. Qh7# 1-0


[Site "https://www.chess.com"]

[Event "Titled Tuesday Blitz March 28 Late 2023"]
[White "Levitskiy, Andrey"]
[Black "Van Dael, Siem"]
[WhiteFideId "14132885"]
[BlackFideId "1049771"]
[WhiteElo "2335"]
[BlackElo "2336"]
[Result "1-0"]
[Round "01"]
[TimeControl "180+2"]
[Date "2023.03.28"]
[WhiteClock "0:00:13"]
[BlackClock "0:00:07"]

1. e4 d5 2. exd5 Nf6 3. Nf3 Bg4 4. h3 Bxf3 5. Qxf3 Qxd5 6. Qxd5 Nxd5 7. g3 Nb4 8. Na3 e5 9. c3 Nd5 10. Bg2 c6 11. Nc2 Nd7 12. O-O Bc5 13. b3 O-O 14. Bb2 a5 15. a3 Rfe8 16. Rfe1 f5 17. c4 N5f6 18. d4 exd4 19. Nxd4 g6 20. Rad1 Kf7 21. Kf1 Rad8 22. Nc2 Rxe1+ 23. Rxe1 Re8 24. Rd1 Re7 25. b4 axb4 26. axb4 Bb6 27. c5 Bc7 28. Ne3 Ne5 29. f4 Ned7 30. Nc4 Ne4 31. Bxe4 fxe4 32. Ke2 Nf6 33. Bxf6 Kxf6 34. Ke3 h5 35. Rd4 g5 36. Rxe4 gxf4+ 37. gxf4 Rg7 38. Nd6 Bxd6 39. cxd6 Rd7 40. Rd4 Ke6 41. Ke4 Rxd6 42. Rxd6+ Kxd6 43. Kf5 b5 44. Kg6 c5 45. bxc5+ Kxc5 46. f5 b4 47. f6 b3 48. f7 b2 49. f8=Q+ Kc4 50. Qf1+ Kc3 51. Qb1 Kb3 52. Kxh5 Kc3 53. Kg4 Kb3 54. h4 1-0


[Site "https://www.chess.com"]

[Event "Titled Tuesday Blitz March 28 Late 2023"]
[White "Bouget, Alexandre"]
[Black "Raja Harshit"]
[WhiteFideId "681318"]
[BlackFideId "5089000"]
[WhiteElo "2177"]
[BlackElo "2437"]
[Result "1-0"]
[Round "01"]
[TimeControl "180+2"]
[Date "2023.03.28"]
[WhiteClock "0:00:11"]
[BlackClock "0:00:04"]

1. d4 Nf6 2. c4 e6 3. Nc3 Bb4 4. e3 O-O 5. Ne2 d5 6. a3 Be7 7. cxd5 exd5 8. b4 c6 9. Ng3 Nbd7 10. Bd3 Re8 11. O-O Nf8 12. f3 a5 13. Rb1 axb4 14. axb4 Ne6 15. Nce2 Ra2 16. Qb3 Ra7 17. Kh1 h5 18. e4 dxe4 19. fxe4 Nxd4 20. Nxd4 Qxd4 21. Bc4 Qd8 22. Bxf7+ Kh8 23. Be3 b6 24. Rbd1 Rd7 25. Bxe8 Qxe8 26. Bxb6 Ng4 27. Rxd7 Bxd7 28. Qf7 Bxb4 29. Qxh5+ Qxh5 30. Nxh5 Kg8 31. h3 Ne5 32. Bd4 Bd6 33. Rd1 Be8 34. Ng3 Nc4 35. Nf5 Bf8 36. Bxg7 Ba3 37. Rd8 Kf7 38. Bd4 Nd2 39. Bc5 Nxe4 40. Bxa3 c5 41. Nd6+ Nxd6 42. Rxd6 c4 43. Rd5 Bb5 44. Rxb5 1-0


[Site "https://www.chess.com"]

[Event "Titled Tuesday Blitz March 28 Late 2023"]
[White "Bitoon, Richard"]
[Black "ArtemDyachuk"]
[WhiteFideId "5201110"]
[WhiteElo "2374"]
[BlackElo "2370"]
[Result "0-1"]
[Round "01"]
[TimeControl "180+2"]
[Date "2023.03.28"]
[WhiteClock "0:00:15"]
[BlackClock "0:00:07"]

1. e4 c6 2. d4 d5 3. Nc3 dxe4 4. Nxe4 Nf6 5. Nxf6+ exf6 6. c3 Bd6 7. Bd3 O-O 8. Qc2 Re8+ 9. Ne2 g6 10. Be3 Nd7 11. h4 f5 12. O-O-O Nf6 13. h5 Ng4 14. hxg6 hxg6 15. Bc4 Rxe3 16. fxe3 Nxe3 17. Qb3 Nxd1 18. Bxf7+ Kg7 19. Kxd1 Bd7 20. Bc4 Qb6 21. Qc2 Rh8 22. Rxh8 Kxh8 23. Bb3 Qd8 24. Qd3 Kg7 25. Qc4 Qe8 26. a4 Kh6 27. Ng1 Qe4 28. Nf3 Qb1+ 29. Ke2 Qxb2+ 30. Kf1 Bg3 31. Kg1 Qb1+ 32. Qf1 Qxb3 33. Qc1+ f4 34. Nd2 Qe6 35. Nf1 Kh7 36. Qd2 Qe4 37. Qa2 Be6 38. Qb2 Bc4 39. Qxb7+ Kh6 40. Nxg3 Qe1+ 41. Kh2 fxg3+ 42. Kh3 Be6+ 43. Kh4 g5# 0-1


[Site "https://www.chess.com"]

[Event "Titled Tuesday Blitz March 28 Late 2023"]
[White "Guzman Moneo, Alberto"]
[Black "Tilicheev, Viacheslav"]
[WhiteFideId "2209616"]
[BlackFideId "24114928"]
[WhiteElo "2157"]
[BlackElo "2415"]
[Result "0-1"]
[Round "01"]
[TimeControl "180+2"]
[Date "2023.03.28"]
[WhiteClock "0:00:33"]
[BlackClock "0:01:31"]

1. Nf3 Nf6 2. g3 d5 3. Bg2 e6 4. O-O Be7 5. d3 O-O 6. b3 b6 7. Bb2 Bb7 8. Nbd2 Nbd7 9. c4 c5 10. e3 Rc8 11. Qe2 Qc7 12. Rac1 Qb8 13. d4 Rfd8 14. Rfd1 cxd4 15. Nxd4 dxc4 16. Nxc4 Bxg2 17. Kxg2 Nc5 18. Qf3 Nce4 19. h3 Ng5 20. Qf4 Qb7+ 21. f3 Nd5 22. Qe5 f6 23. Nxe6 fxe5 24. Nxd8 Rxd8 25. e4 b5 26. exd5 bxc4 27. Bxe5 Rxd5 0-1


[Site "https://www.chess.com"]

[Event "Titled Tuesday Blitz March 28 Late 2023"]
[White "Papasimakopoulos, Alexandros"]
[Black "Ansh M Shah"]
[WhiteFideId "4244125"]
[BlackFideId "25033379"]
[WhiteElo "2359"]
[BlackElo "2084"]
[Result "1/2-1/2"]
[Round "01"]
[TimeControl "180+2"]
[Date "2023.03.28"]
[WhiteClock "0:00:56"]
[BlackClock "0:00:15"]

1. d4 Nf6 2. c4 e6 3. Nc3 d5 4. cxd5 exd5 5. Bg5 Be7 6. e3 O-O 7. Bd3 c6 8. Qc2 Nbd7 9. Nf3 Re8 10. O-O h6 11. Bh4 Ne4 12. Bxe7 Qxe7 13. Bxe4 dxe4 14. Nd2 Nf6 15. Rab1 Be6 16. b4 a6 17. a4 Bd5 18. Nxd5 Nxd5 19. Qc5 f5 20. Qxe7 Rxe7 21. Rfc1 Rf8 22. g3 g5 23. b5 axb5 24. axb5 Rf6 25. bxc6 bxc6 26. Rb8+ Kg7 27. Rc8 f4 28. Nc4 fxe3 29. fxe3 Rf3 30. Re1 Rf6 31. Ne5 Nb4 32. Re2 Nd3 33. Nxc6 Ref7 34. Ne5 Rf1+ 35. Kg2 R7f2+ 36. Rxf2 Rxf2+ 37. Kh3 h5 38. Rc7+ Kh6 39. Rc6+ Kh7 40. g4 Nxe5 41. dxe5 Rf3+ 42. Kg2 hxg4 43. e6 Kg6 44. Rc5 Kf6 45. Re5 Ke7 46. Rxe4 Rh3 47. Rxg4 Rxe3 48. Rxg5 Rxe6 49. Rf5 Rf6 50. Ra5 Kf7 51. Kg3 Kg6 52. Kg4 Rc6 53. Ra4 Rb6 54. Rc4 Ra6 55. Rb4 Rc6 56. h3 Ra6 57. Rc4 Rb6 58. Rc8 Rb4+ 59. Kg3 Rb3+ 60. Kf4 Rxh3 61. Rc6+ Kf7 62. Kg4 Rb3 63. Rc5 Rb4+ 64. Kf5 Ke7 65. Ke5 Kd7 66. Ra5 Rh4 67. Ra7+ Kc6 68. Ra1 Rh5+ 1/2-1/2


[Site "https://www.chess.com"]

[Event "Titled Tuesday Blitz March 28 Late 2023"]
[White "Jorajuria Mendoza, Algol"]
[Black "Schmakel, Sam"]
[WhiteFideId "5128897"]
[BlackFideId "2039311"]
[WhiteElo "2076"]
[BlackElo "2356"]
[Result "0-1"]
[Round "01"]
[TimeControl "180+2"]
[Date "2023.03.28"]
[WhiteClock "0:00:01"]
[BlackClock "0:00:18"]

1. e4 e6 2. d4 d5 3. Nc3 Nf6 4. e5 Nfd7 5. Nce2 c5 6. c3 Nc6 7. Nf3 Qa5 8. a3 Be7 9. Ra2 Nxd4 10. Nexd4 cxd4 11. b4 Qb6 12. cxd4 a5 13. b5 a4 14. Bd3 f6 15. exf6 Nxf6 16. O-O O-O 17. Bf4 Ne4 18. Qc1 Bd6 19. Bxd6 Qxd6 20. Ne5 Bd7 21. Rc2 Rac8 22. f3 Nf6 23. Rxc8 Rxc8 24. Qb2 Be8 25. Rc1 Rxc1+ 26. Qxc1 Kf8 27. Kf2 Ke7 28. Ke3 Nd7 29. Nxd7 Bxd7 30. f4 b6 31. Qc3 h6 32. g3 g5 33. fxg5 hxg5 34. Be2 Kf6 35. Kd2 e5 36. Qf3+ Kg7 37. Qh5 Qf6 38. dxe5 Qxe5 39. Bd3 Be6 40. Qh7+ Kf8 41. Qh6+ Ke7 42. Qh7+ Kd6 43. Qb7 Qd4 44. Qc6+ Ke7 45. Qc7+ Kf6 46. Qc3 Ke5 47. Qc7+ Kf6 48. Qc3 Qe5 49. Qxe5+ Kxe5 50. Ke3 d4+ 51. Kf3 g4+ 52. Ke2 Kd5 53. Kd2 Kc5 54. Be2 Bd7 55. Kc2 Kd5 56. Kd2 Ke4 57. Kc2 Ke3 58. Bc4 Bf5+ 59. Kd1 d3 60. Bd5 d2 61. Bc6 Bd3 0-1


[Site "https://www.chess.com"]

[Event "Titled Tuesday Blitz March 28 Late 2023"]
[White "EREBUNI91"]
[Black "Torres Boch, Jose Francisco"]
[BlackFideId "2278383"]
[WhiteElo "2706"]
[BlackElo "2073"]
[Result "1-0"]
[Round "01"]
[TimeControl "180+2"]
[Date "2023.03.28"]
[WhiteClock "0:00:15"]
[BlackClock "0:00:12"]

1. e4 c5 2. Nc3 a6 3. g3 g6 4. Bg2 Bg7 5. Nge2 e6 6. d4 cxd4 7. Nxd4 Nc6 8. Be3 Nge7 9. O-O O-O 10. Qd2 b5 11. Rad1 Bb7 12. Nb3 Ne5 13. Bf4 Bc6 14. Bxe5 Bxe5 15. f4 Qb6+ 16. Kh1 Bxc3 17. Qxc3 f5 18. e5 Rac8 19. Bxc6 Rxc6 20. Qd4 Nd5 21. Rd2 Rfc8 22. c3 Rc4 23. Qxb6 Nxb6 24. Rfd1 h6 25. Rd6 R4c6 26. Na5 Rxd6 27. Rxd6 Na4 28. Rd2 Rc7 29. Kg2 Nb6 30. Kf3 g5 31. g4 gxf4 32. gxf5 Kf7 33. Kxf4 Nc4 34. Nxc4 bxc4 35. f6 Rb7 36. Kg4 d5 37. exd6 Kxf6 38. d7 1-0


[Site "https://www.chess.com"]

[Event "Titled Tuesday Blitz March 28 Late 2023"]
[White "Sliwicki, Damian"]
[Black "Korchmar, Vasiliy"]
[WhiteFideId "1127128"]
[BlackFideId "24131750"]
[WhiteElo "2030"]
[BlackElo "2370"]
[Result "0-1"]
[Round "01"]
[TimeControl "180+2"]
[Date "2023.03.28"]
[WhiteClock "0:00:02"]
[BlackClock "0:00:30"]

1. e4 c5 2. Nf3 d6 3. d4 cxd4 4. Qxd4 Nc6 5. Bb5 a6 6. Bxc6+ bxc6 7. Nc3 e5 8. Qc4 Qc7 9. Bg5 h6 10. Bh4 Be6 11. Qa4 Be7 12. Nd5 Bxd5 13. exd5 Bxh4 14. Nxh4 Ne7 15. Rd1 O-O 16. dxc6 Rfb8 17. O-O Rxb2 18. Rd3 Qxc6 19. Qa3 Qxc2 20. Qxd6 Rab8 21. Rg3 Rb1 22. Rb3 Rxf1+ 23. Kxf1 Qc4+ 24. Qd3 Qc1+ 25. Ke2 Rc8 26. Qd2 Rc2 27. Rb8+ Kh7 28. Re8 Qxd2+ 0-1


[Site "https://www.chess.com"]

[Event "Titled Tuesday Blitz March 28 Late 2023"]
[White "Karthik Rajaa"]
[Black "Gerbelli Neto, Eduardo"]
[WhiteFideId "25035215"]
[BlackFideId "2103281"]
[WhiteElo "2215"]
[BlackElo "2178"]
[Result "1-0"]
[Round "01"]
[TimeControl "180+2"]
[Date "2023.03.28"]
[WhiteClock "0:00:28"]
[BlackClock "0:00:06"]

1. e4 e5 2. Nf3 Nc6 3. Bb5 a6 4. Ba4 d6 5. d3 Bg4 6. h3 Bh5 7. g4 Bg6 8. Nc3 Ne7 9. Ne2 f6 10. Ng3 Bf7 11. g5 Ng6 12. gxf6 gxf6 13. h4 h5 14. Bb3 Qd7 15. Be3 O-O-O 16. Qd2 Bxb3 17. axb3 d5 18. Qe2 Nf4 19. Bxf4 exf4 20. Nf5 dxe4 21. dxe4 Ne5 22. Nxe5 fxe5 23. Rd1 Qxd1+ 24. Qxd1 Rxd1+ 25. Kxd1 Rg8 26. Ke2 Kd7 27. Rd1+ Ke6 28. Rd8 b6 29. Re8+ Kd7 30. Rxe5 Bd6 31. Rd5 Re8 32. Kf3 c6 33. Rxd6+ 1-0


[Site "https://www.chess.com"]

[Event "Titled Tuesday Blitz March 28 Late 2023"]
[White "Shkuran, Danylo"]
[Black "Javakhadze, Zurab"]
[WhiteFideId "14106248"]
[BlackFideId "13603647"]
[WhiteElo "2427"]
[BlackElo "2381"]
[Result "0-1"]
[Round "01"]
[TimeControl "180+2"]
[Date "2023.03.28"]
[WhiteClock "0:00:20"]
[BlackClock "0:00:31"]

1. d4 Nf6 2. Nf3 e6 3. g3 b6 4. Bg2 Bb7 5. O-O Be7 6. b3 O-O 7. Bb2 c5 8. e3 Nc6 9. c4 cxd4 10. Nxd4 Rc8 11. Nd2 d5 12. Rc1 Nxd4 13. Bxd4 Ba3 14. Rc2 Qe7 15. Qf3 e5 16. Ba1 Rc7 17. Qf5 Re8 18. Nf3 Bd6 19. Rfc1 Bc8 20. Qg5 h6 21. Qh4 Bf5 22. Rd2 Bb4 23. Rdd1 Ba3 24. Bxe5 Bxc1 25. Bxc7 Bxe3 26. Be5 Bxf2+ 27. Kh1 dxc4 28. Bxf6 Qxf6 29. Qxf6 gxf6 30. bxc4 Re2 31. Rd2 Rxd2 32. Nxd2 Kf8 33. Bd5 Ke7 34. Kg2 Be1 35. Ne4 Be6 36. Bxe6 fxe6 37. Kf3 f5 38. Nf2 Bxf2 39. Kxf2 Kd6 40. Ke3 e5 41. Kd3 Kc5 42. Kc3 e4 43. h4 h5 44. a3 a6 45. a4 a5 0-1


[Site "https://www.chess.com"]

[Event "Titled Tuesday Blitz March 28 Late 2023"]
[White "Lewtak, Damian"]
[Black "Fan_Of_Chucky"]
[WhiteFideId "1141724"]
[WhiteElo "2302"]
[BlackElo "2353"]
[Result "1-0"]
[Round "01"]
[TimeControl "180+2"]
[Date "2023.03.28"]
[WhiteClock "0:02:10"]
[BlackClock "0:01:21"]

1. e4 c5 2. Nf3 a6 3. c3 d5 4. exd5 Qxd5 5. d4 Nf6 6. Be2 cxd4 7. cxd4 e6 8. Nc3 Qd8 9. O-O b5 10. Ne5 Bb7 11. Bf3 Nd5 12. Re1 Be7 13. Qe2 O-O 14. Bd2 Bf6 15. Ng4 Bxd4 16. Rad1 Bxc3 17. bxc3 Nd7 18. g3 N7b6 19. h4 Qc7 20. h5 Rac8 21. h6 Nxc3 22. Bxc3 Bxf3 23. hxg7 Bxe2 24. Nh6# 1-0


[Site "https://www.chess.com"]

[Event "Titled Tuesday Blitz March 28 Late 2023"]
[White "Todev, Simeon"]
[Black "Florescu, Codrut-Constantin"]
[WhiteFideId "2925133"]
[BlackFideId "1202200"]
[WhiteElo "1938"]
[BlackElo "2191"]
[Result "1-0"]
[Round "01"]
[TimeControl "180+2"]
[Date "2023.03.28"]
[WhiteClock "0:00:03"]
[BlackClock "0:00:01"]

1. e4 c5 2. Nf3 e6 3. d4 cxd4 4. Nxd4 a6 5. Be3 Nf6 6. Nc3 Qc7 7. f3 b5 8. Qd2 Bb7 9. Be2 h5 10. O-O-O b4 11. Na4 d5 12. Nb3 Nbd7 13. exd5 Bxd5 14. g4 hxg4 15. fxg4 Qc6 16. g5 Ne4 17. Qd4 Qxa4 18. Bf3 Nec5 19. Bxd5 exd5 20. Qxd5 Nxb3+ 21. axb3 Qb5 22. Qxa8+ Qb8 23. Qe4+ Be7 24. Qd5 O-O 25. Qxd7 Qe5 26. Bd4 Bxg5+ 27. Kb1 Qe4 28. Rhg1 f6 29. Qa4 a5 30. Qb5 Rc8 31. Qd3 Qe6 32. Be3 Bxe3 33. Rge1 Re8 34. Re2 f5 35. Rde1 f4 36. c3 a4 37. cxb4 axb3 38. b5 Qe5 39. b6 Kh8 40. b7 Qe6 41. Rxe3 fxe3 42. Rxe3 Qa6 43. Rxe8# 1-0


[Site "https://www.chess.com"]

[Event "Titled Tuesday Blitz March 28 Late 2023"]
[White "Skvortsov, Andrei"]
[Black "Rosenberg, Evan S"]
[WhiteFideId "24108600"]
[BlackFideId "2019299"]
[WhiteElo "2259"]
[BlackElo "2346"]
[Result "1-0"]
[Round "01"]
[TimeControl "180+2"]
[Date "2023.03.28"]
[WhiteClock "0:00:36"]
[BlackClock "0:00:22"]

1. e4 e5 2. d4 exd4 3. Qxd4 Nc6 4. Qd3 Nf6 5. Nc3 Bb4 6. Bd2 O-O 7. O-O-O Re8 8. Nge2 d6 9. Bg5 Ne5 10. Qg3 c6 11. f4 Ng6 12. e5 h6 13. exf6 hxg5 14. fxg7 Kxg7 15. fxg5 Qe7 16. h4 Qe3+ 17. Qxe3 Rxe3 18. a3 Bxc3 19. Nxc3 d5 20. h5 Nf4 21. h6+ Kh7 22. Rh4 Ng6 23. Rh5 Bg4 24. Rh1 Bxd1 25. Nxd1 Rg3 26. Bd3 Rxg2 27. Rf1 Rf8 28. Rf5 Rg1 29. b4 Kg8 30. Kd2 Nh4 31. Rf4 Ng6 32. Bxg6 fxg6 33. h7+ Kxh7 34. Rxf8 Rxg5 35. Rf7+ Kh6 36. Rxb7 Rg2+ 37. Kd3 g5 38. Ne3 Rg3 39. Kd4 g4 40. Nf5+ Kg5 41. Nxg3 Kf4 42. Nf1 Kf3 43. Rxa7 Kf2 44. Rf7+ Ke2 45. a4 Kd1 46. Ng3 Kxc2 47. a5 Kb3 48. a6 Kxb4 49. a7 c5+ 50. Kxd5 c4 51. a8=Q c3 52. Qb7+ Ka4 53. Qb1 c2 54. Ra7# 1-0


[Site "https://www.chess.com"]

[Event "Titled Tuesday Blitz March 28 Late 2023"]
[White "Xie, Bryan"]
[Black "Vlassov, Nikolai"]
[WhiteFideId "30941296"]
[BlackFideId "4103360"]
[WhiteElo "2033"]
[BlackElo "2324"]
[Result "1-0"]
[Round "01"]
[TimeControl "180+2"]
[Date "2023.03.28"]
[WhiteClock "0:00:18"]
[BlackClock "0:00:51"]

1. d4 Nf6 2. Nf3 e6 3. Bf4 c5 4. e3 b6 5. Nbd2 Bb7 6. Bd3 Be7 7. h3 d6 8. O-O Nbd7 9. c3 h6 10. a4 g5 11. Bh2 g4 12. hxg4 Nxg4 13. Bg3 h5 14. Nc4 Qc7 15. Re1 O-O-O 16. a5 Rdg8 17. axb6 axb6 18. Nh4 Qc6 19. Qf3 Qxf3 20. gxf3 d5 21. Nd2 Bxh4 22. fxg4 Bxg3 23. fxg3 Rxg4 24. Kf2 h4 25. gxh4 Rg2+ 26. Kxg2 Rxh4 27. Rf1 f6 28. Rh1 Rg4+ 29. Kf3 f5 30. Rag1 e5 31. Bxf5 Rxg1 32. Rxg1 1-0


[Site "https://www.chess.com"]

[Event "Titled Tuesday Blitz March 28 Late 2023"]
[White "Darini, Pouria"]
[Black "Van Foreest, Machteld"]
[WhiteFideId "12502200"]
[BlackFideId "1051563"]
[WhiteElo "2482"]
[BlackElo "2018"]
[Result "1-0"]
[Round "01"]
[TimeControl "180+2"]
[Date "2023.03.28"]
[WhiteClock "0:00:23"]
[BlackClock "0:00:18"]

1. d4 d5 2. Bf4 Nf6 3. e3 e6 4. Nd2 Bd6 5. Ngf3 O-O 6. Bd3 c5 7. dxc5 Bxf4 8. exf4 Qa5 9. O-O Qxc5 10. Qe2 Nc6 11. a3 Bd7 12. g3 Rac8 13. Ne5 Nd4 14. Qd1 Bb5 15. c3 Bxd3 16. Nxd3 Qb5 17. Ne5 Nf5 18. Rb1 Rfd8 19. Ndf3 Ne4 20. g4 Ne7 21. Nd4 Qb6 22. Re1 Nc6 23. Nef3 Nxd4 24. Nxd4 Qd6 25. f3 Nc5 26. Qd2 Re8 27. Re2 a6 28. Rbe1 Re7 29. Nf5 exf5 30. Rxe7 Ne6 31. Rxb7 fxg4 32. f5 Nc5 33. Rbe7 h6 34. fxg4 Ne4 35. R7xe4 1-0


[Site "https://www.chess.com"]

[Event "Titled Tuesday Blitz March 28 Late 2023"]
[White "Polanco Nunez, Yoel Estarling"]
[Black "Manukyan, Sargis A."]
[WhiteFideId "6401783"]
[BlackFideId "13303970"]
[WhiteElo "2132"]
[BlackElo "2187"]
[Result "0-1"]
[Round "01"]
[TimeControl "180+2"]
[Date "2023.03.28"]
[WhiteClock "0:01:13"]
[BlackClock "0:02:19"]

1. d4 d5 2. c4 e6 3. Nc3 Nf6 4. cxd5 Nxd5 5. e4 Nxc3 6. bxc3 c5 7. Rb1 cxd4 8. cxd4 Qa5+ 9. Qd2 Qxd2+ 10. Bxd2 Nc6 11. Nf3 Be7 12. Bb5 Bd7 13. d5 exd5 14. exd5 Nd8 15. Bxd7+ Kxd7 16. O-O Bf6 17. Be3 b6 18. Nd4 Bxd4 19. Bxd4 f6 20. Rbc1 Rc8 21. Rxc8 Kxc8 22. Re1 Kd7 23. Kf1 Re8 24. Rxe8 Kxe8 25. Ke2 Kd7 26. Kd3 Nb7 27. a4 Nd6 28. g4 Nb7 29. Be3 Kd6 30. Ke4 Nc5+ 31. Bxc5+ bxc5 32. f4 g6 33. h4 h6 34. g5 f5+ 35. Kd3 h5 36. Kc4 a5 37. Kb5 Kxd5 38. Kxa5 c4 39. Kb6 c3 40. a5 c2 41. a6 c1=Q 42. a7 Qc6+ 43. Ka5 Kc5 44. a8=Q Qb5# 0-1


[Site "https://www.chess.com"]

[Event "Titled Tuesday Blitz March 28 Late 2023"]
[White "Domingo Nunez, Ruben"]
[Black "Eggleston, Thomas A"]
[WhiteFideId "22245570"]
[BlackFideId "412139"]
[WhiteElo "2404"]
[BlackElo "2155"]
[Result "1/2-1/2"]
[Round "01"]
[TimeControl "180+2"]
[Date "2023.03.28"]
[WhiteClock "0:00:26"]
[BlackClock "0:00:03"]

1. b3 e5 2. Bb2 d6 3. e3 f5 4. c4 Nf6 5. d4 e4 6. d5 Be7 7. Nc3 O-O 8. Nge2 a5 9. Nd4 Na6 10. a3 Bd7 11. Be2 c6 12. h3 Rc8 13. Rc1 h6 14. g4 fxg4 15. hxg4 cxd5 16. cxd5 Re8 17. Rg1 Bf8 18. g5 hxg5 19. Rxg5 Nc5 20. b4 axb4 21. axb4 Na6 22. Qb3 Qb6 23. Ncb5 Rxc1+ 24. Bxc1 Re5 25. Rg6 Be8 26. Rg3 Bf7 27. Bc4 Bxd5 28. Bxd5+ Nxd5 29. Bb2 Nxb4 30. Ke2 Be7 31. Rg6 Bf6 32. Qc4 Kh7 33. Rg4 Qc5 34. Qb3 Nd3 35. Ba3 Nc1+ 36. Bxc1 Qxc1 37. Nc2 Qh1 38. Rg3 Qh5+ 39. Kd2 Rg5 40. Rxg5 Qxg5 41. Nxd6 Bc3+ 42. Ke2 Qg4+ 43. Kf1 Qh3+ 44. Ke2 Qg4+ 45. Kf1 Qh3+ 46. Ke2 Qf3+ 47. Kf1 Qh1+ 48. Ke2 Qf3+ 49. Kf1 Qh1+ 50. Ke2 Qf3+ 1/2-1/2


[Site "https://www.chess.com"]

[Event "Titled Tuesday Blitz March 28 Late 2023"]
[White "micke12a"]
[Black "Jaracz, Pawel"]
[BlackFideId "1102222"]
[WhiteElo "2335"]
[BlackElo "2438"]
[Result "0-1"]
[Round "01"]
[TimeControl "180+2"]
[Date "2023.03.28"]
[WhiteClock "0:00:43"]
[BlackClock "0:00:56"]

1. Nf3 d5 2. d4 Nf6 3. e3 Bg4 4. h3 Bh5 5. g4 Bg6 6. Ne5 Nfd7 7. Nxg6 hxg6 8. Bg2 c6 9. Nd2 e6 10. c4 Be7 11. b3 f5 12. cxd5 exd5 13. Qc2 O-O 14. gxf5 gxf5 15. Bb2 Na6 16. a3 Nc7 17. Nf3 Nb5 18. h4 Nd6 19. h5 Kh7 20. Ne5 Bf6 21. f4 Ne4 22. Bh3 Bxe5 23. dxe5 Qh4+ 24. Kf1 Qg3 25. Qe2 Ndc5 26. Bd4 Nxb3 27. Rd1 c5 28. Bb2 d4 29. exd4 Qxf4+ 30. Ke1 Qh4+ 31. Kf1 Ng3+ 32. Kg2 Nxe2 33. Bxf5+ Rxf5 34. Rxh4 Nbxd4 35. Bxd4 Nxd4 36. Re4 Re8 0-1


[Site "https://www.chess.com"]

[Event "Titled Tuesday Blitz March 28 Late 2023"]
[White "Popov, Mikhail"]
[Black "Le, Nguyen Khoi Nguyen"]
[WhiteFideId "4146182"]
[BlackFideId "12402699"]
[WhiteElo "2270"]
[BlackElo "1829"]
[Result "1-0"]
[Round "01"]
[TimeControl "180+2"]
[Date "2023.03.28"]
[WhiteClock "0:00:08"]
[BlackClock "0:00:03"]

1. d4 Nf6 2. Nf3 e6 3. Bg5 Ne4 4. Bh4 g5 5. Bg3 h5 6. h4 g4 7. Nfd2 Nxg3 8. fxg3 d5 9. e4 Bg7 10. c3 c5 11. dxc5 Qc7 12. Bb5+ Nd7 13. Qe2 d4 14. O-O Qxg3 15. Qf2 Be5 16. Qxg3 Bxg3 17. cxd4 Bxh4 18. Nc3 a6 19. Ba4 Bg5 20. Nc4 Ke7 21. e5 b5 22. cxb6 Bb7 23. Bxd7 h4 24. Ba4 h3 25. Rxf7+ Kxf7 26. Nd6+ Kg6 27. Nxb7 Be3+ 28. Kh2 Bxd4 29. Re1 Rab8 30. Nd6 Rxb6 31. Bb3 Bxe5+ 32. Rxe5 Rxd6 33. Ne4 Rb6 34. Rg5+ Kf7 35. Rxg4 hxg2+ 36. Kxg2 Rd8 37. Rf4+ Ke7 38. Rf2 Rc6 39. Re2 Rd4 40. Ng3 Rdd6 41. Nf5+ Kd7 42. Nxd6 Kxd6 43. Rxe6+ Kc5 44. Rxc6+ 1-0


[Site "https://www.chess.com"]

[Event "Titled Tuesday Blitz March 28 Late 2023"]
[White "Fernandez Siles, Luis"]
[Black "Manelyuk, Daniil"]
[WhiteFideId "2209420"]
[BlackFideId "44173920"]
[WhiteElo "2186"]
[BlackElo "2259"]
[Result "0-1"]
[Round "01"]
[TimeControl "180+2"]
[Date "2023.03.28"]
[WhiteClock "0:00:09"]
[BlackClock "0:00:46"]

1. d4 Nf6 2. c4 c5 3. d5 b5 4. Nd2 bxc4 5. e4 c3 6. bxc3 d6 7. f4 g6 8. Ngf3 Bg7 9. Bd3 O-O 10. O-O Ba6 11. Qe2 Bxd3 12. Qxd3 a5 13. Rb1 a4 14. c4 Na6 15. a3 Qc7 16. e5 Nd7 17. Bb2 dxe5 18. Ng5 exf4 19. Bxg7 Kxg7 20. Qc3+ Nf6 21. Nde4 h6 22. d6 Qd8 23. Nxf6 exf6 24. Ne4 g5 25. Rb7 Re8 26. Rd7 Qxd7 27. Nxf6 Qf5 28. Nh5+ Kg6 29. Qg7+ Kxh5 30. h3 Re3 31. g4+ Qxg4+ 32. hxg4+ Kxg4 33. Qxh6 Rb8 34. Qh1 Rb2 35. Rf2 Re1+ 36. Rf1 Re3 37. Qh7 Rg3+ 38. Kh1 Rh3+ 39. Qxh3+ Kxh3 0-1


[Site "https://www.chess.com"]

[Event "Titled Tuesday Blitz March 28 Late 2023"]
[White "Perske, Thore"]
[Black "Zampronha, Wladimir Camilo"]
[WhiteFideId "12902195"]
[BlackFideId "2103087"]
[WhiteElo "2336"]
[BlackElo "2176"]
[Result "1-0"]
[Round "01"]
[TimeControl "180+2"]
[Date "2023.03.28"]
[WhiteClock "0:00:09"]
[BlackClock "0:00:06"]

1. d4 Nf6 2. g3 e6 3. Bg2 d5 4. Nf3 Be7 5. O-O O-O 6. c4 dxc4 7. Qc2 a6 8. a4 Bd7 9. Rd1 Bc6 10. Nc3 b5 11. axb5 axb5 12. Rxa8 Bxa8 13. Nxb5 Be4 14. Qxc4 c5 15. Nc3 Bxf3 16. Bxf3 cxd4 17. Rxd4 Qb6 18. Rd1 Nbd7 19. Na4 Qa5 20. b3 Ne5 21. Qc3 Nxf3+ 22. Qxf3 Nd5 23. Bb2 Bf6 24. Bxf6 Nxf6 25. Qc3 Qb5 26. e3 Ng4 27. Qb4 Qh5 28. h4 Nxe3 29. Rd3 Nd5 30. Qc4 Qe2 31. Nc3 Nxc3 32. Rxc3 Qe1+ 33. Kg2 h6 34. b4 Rb8 35. Rb3 Rd8 36. Qc3 Qe2 37. Qf3 Qb5 38. Qe4 Rb8 39. Kg1 Rb7 40. Rc3 Rb8 41. Rc5 Qb6 42. Rc6 Qb5 43. Rc7 Qb6 44. Rd7 Qb5 45. Re7 Qxb4 46. Re8+ Rxe8 47. Qxb4 Rf8 48. Qe4 g6 49. g4 Re8 50. Qe5 Rf8 51. Qf6 Re8 52. h5 g5 53. Qxh6 1-0


[Site "https://www.chess.com"]